 Dungeon Crawl Stone Soup version 0.16-b1 (webtiles) character file.

251 dysrexia the Insei (level 6, -1/37 HPs)
             Began as a Tengu Monk on Mar 14, 2015.
             Was a Priest of Makhleb.
             Slain by dysrexia's ghost (6 damage)
             ... on level 4 of the Dungeon.
             The game lasted 00:11:48 (3335 turns).

dysrexia the Insei (Tengu Monk)                     Turns: 3335, Time: 00:11:48

Health: -1/37      AC:  7    Str: 11    XL:     6   Next: 13%
Magic:  8/8        EV: 13    Int: 11    God:    Makhleb [***...]
Gold:   208        SH:  0    Dex: 18    Spells: 0 memorised, 5 levels left

rFire  . . .     SeeInvis .       - Unarmed
rCold  . . .     Clarity  .     j - +3 leather armour
rNeg   . . .     SustAb   .     (no shield)
rPois  .         Gourm    .     (helmet restricted)
rElec  .         Spirit   .     (no cloak)
rCorr  .         Warding  .     n - +0 pair of gloves
rMut   .         Stasis   .     (boots unavailable)
MR     .....                    (no amulet)
Stlth  ++........               (no ring)
                                (no ring)

@: not resistant to hostile enchantments, unstealthy
A: able to fly, beak, talons 3
a: Fly, Minor Destruction, Lesser Servant of Makhleb, Renounce Religion


You were on level 4 of the Dungeon.
You worshipped Makhleb.
Makhleb was most pleased with you.
You were not hungry.

You visited 1 branch of the dungeon, and saw 4 of its levels.

You collected 208 gold pieces.

Inventory:

Hand weapons
 m - a +0 blowgun
Missiles
 i - 55 stones (quivered)
 l - 5 poisoned needles
Armour
 a - a +0 robe
 j - a +3 leather armour (worn)
 n - a +0 pair of gloves (worn)
Jewellery
 c - an uncursed ring of fire
Magical devices
 o - a wand of frost (45)
Scrolls
 e - 2 scrolls of random uselessness {unknown}
 f - 4 scrolls of remove curse
 g - 2 scrolls of teleportation
Potions
 k - 2 potions of mutation
 q - a potion of curing
Comestibles
 b - 3 bread rations
 r - a meat ration


   Skills:
 - Level 3.0 Fighting
 - Level 3.2 Dodging
 - Level 2.0 Stealth
 + Level 7.9 Unarmed Combat


You had 5 spell levels left.
You didn't know any spells.

Dungeon Overview and Level Annotations

Branches:
Dungeon (4/15)
 Temple: D:4-7

Altars:
Makhleb
Sif Muna
Vehumet
Xom

Annotations:
D:4 Duvessa; Robin; dysrexia's ghost, average TeMo


Innate Abilities, Weirdness & Mutations

You can fly.
You have a beak for a mouth.
You have claws for feet.


Message History

Duvessa hits you with a short sword!
* * * LOW HITPOINT WARNING * * *
Read which item? (? for menu, Esc to quit)
As you read the scroll of teleportation, it crumbles to dust.
You feel strangely unstable. Duvessa closely misses you.
A giant gecko comes into view.
Duvessa barely misses you.
Your surroundings suddenly seem different.
Things that are here:
a club x2
You see here 2 stones.
i - 55 stones (gained 16)
Things that are here:
an uncursed dagger; an uncursed hunting sling You see here a club.
There is a stone staircase leading up here.
Things that are here:
a sling bullet; 4 stones Dysrexia's ghost hits you.
You die...

.
#...##
.....
....#
....
#..###
W.#@#
#.#W#
#)#)#
#((.#
#####


You could see dysrexia's ghost.

Vanquished Creatures
  A centaur (D:4)
  Dowan (D:4)
  An orc wizard (D:3)
  3 adders
  A worm (D:2)
  An ooze (D:3)
  4 orcs
  9 bats
  4 giant cockroaches
  12 goblins
  8 hobgoblins
  8 jackals
  A ball python (D:1)
  3 giant geckos (D:1)
  2 giant newts
  5 kobolds
  7 rats
71 creatures vanquished.

Notes
Turn   | Place    | Note
--------------------------------------------------------------
     0 | D:1      | dysrexia, the Tengu Monk, began the quest for the Orb.
     0 | D:1      | Reached XP level 1. HP: 14/14 MP: 1/1
   203 | D:1      | Reached XP level 2. HP: 13/19 MP: 3/3
   224 | D:1      | Reached skill level 5 in Unarmed Combat
   842 | D:1      | Reached XP level 3. HP: 23/23 MP: 4/4
  1310 | D:2      | Found a shimmering altar of Xom.
  1310 | D:2      | Found a shimmering altar of Xom.
  1310 | D:2      | Found a shimmering altar of Xom.
  1326 | D:2      | Found a shimmering altar of Xom.
  1334 | D:2      | Found a burning altar of Makhleb.
  1334 | D:2      | Found a radiant altar of Vehumet.
  1338 | D:2      | Became a worshipper of Makhleb the Destroyer
  1338 | D:2      | Acquired Makhleb's first power
  1338 | D:2      | Acquired Makhleb's second power
  1357 | D:2      | Found a shimmering altar of Xom.
  1357 | D:2      | Found a shimmering altar of Xom.
  1484 | D:2      | Reached skill level 6 in Unarmed Combat
  1484 | D:2      | Reached XP level 4. HP: 23/28 MP: 5/5
  1926 | D:3      | Found a deep blue altar of Sif Muna.
  2174 | D:3      | Reached XP level 5. HP: 32/32 MP: 7/7
  2412 | D:4      | Noticed dysrexia's ghost (average TeMo)
  2774 | D:4      | Noticed Robin
  2814 | D:3      | Acquired Makhleb's third power
  2863 | D:4      | Noticed a centaur
  2877 | D:4      | Killed a centaur
  2877 | D:4      | Reached skill level 7 in Unarmed Combat
  3124 | D:4      | Noticed Dowan
  3160 | D:4      | Killed Dowan
  3160 | D:4      | Reached XP level 6. HP: 20/37 MP: 8/8
  3316 | D:4      | Noticed Duvessa
  3335 | D:4      | Slain by dysrexia's ghost

Action                   |  1- 3 |  4- 6 || total
-------------------------+-------+-------++-------
Melee: Unarmed           |    98 |   126 ||   224
Evoke: Wand              |       |     1 ||     1
  Use: Scroll            |     2 |     8 ||    10
       Potion            |       |     1 ||     1
 Stab: Sleeping          |     3 |     1 ||     4
  Eat: Chunk             |     2 |     3 ||     5
       Beef jerky        |       |     2 ||     2
